 Dungeon Crawl Stone Soup version 0.18.1-48-g4cf74bf (webtiles) character file.

65 WarriorsX the Slasher (level 4, -3/35 HPs)
             Began as a Human Fighter on July 27, 2016.
             Slain by a sky beast (5 damage)
             ... on level 2 of the Dungeon.
             The game lasted 00:04:13 (1584 turns).

WarriorsX the Slasher (Human Fighter)               Turns: 1584, Time: 00:04:14

Health: -3/35      AC: 10    Str: 22    XL:     4   Next: 35%
Magic:  4/4        EV:  9    Int:  9    God:
Gold:   63         SH:  0    Dex: 12    Spells: 0 memorised, 3 levels left

rFire  . . .     SeeInvis .     a - +0 long sword
rCold  + . .     Gourm    .     b - +0 scale mail
rNeg   . . .     Faith    .     (no shield)
rPois  .         Spirit   .     y - +0 helmet
rElec  .         Dismiss  .     (no cloak)
rCorr  .         Reflect  .     (no gloves)
SustAt .         Harm     .     j - +1 pair of boots
MR     .....                    A - amulet of rage
Stlth  ..........               (no ring)
                                h - ring of protection from cold

@: mighty, not resistant to hostile enchantments, extremely unstealthy
A: no striking features
a: Evoke Berserk Rage


You were on level 2 of the Dungeon.
You were not hungry.

You visited 1 branch of the dungeon, and saw 3 of its levels.

You collected 63 gold pieces.

Inventory:

Hand Weapons
 a - a +0 long sword (weapon)
Armour
 b - a +0 scale mail (worn)
 c - a +0 shield
 j - a +1 pair of boots (worn)
 y - a +0 helmet (worn)
Jewellery
 h - a ring of protection from cold (left hand)
 A - an amulet of rage (around neck)
Wands
 s - a wand of acid (1/15)
Scrolls
 e - a scroll of remove curse {unknown}
 i - 6 scrolls of teleportation {unknown}
 o - 4 scrolls of identify {unknown}
 q - 2 scrolls of blinking {unknown}
 w - a scroll of enchant weapon {unknown}
Potions
 g - a potion of flight {unknown}
 k - a potion of curing {unknown}
 l - 2 potions of invisibility {unknown}
 m - a potion of brilliance {unknown}
 p - 2 potions of heal wounds {unknown}
 r - a potion of beneficial mutation {unknown}
 t - a potion of berserk rage {unknown}
 u - a potion of haste {unknown}
 v - a potion of ambrosia {unknown}
Comestibles
 f - 2 bread rations
 n - a meat ration
 x - 3 fruits
 z - a slice of pizza


   Skills:
 + Level 3.3 Fighting
 - Level 4.0 Long Blades
 - Level 3.0 Armour
 - Level 3.0 Shields


You had 3 spell levels left.
You didn't know any spells.

Dungeon Overview and Level Annotations

Branches:
Dungeon (3/15)

Altars:


Message History

Drink which item? (? for menu, Esc to quit)
You feel very mighty all of a sudden.
The sky beast hits you but does no damage.
Firing (i - inventory): No suitable missiles.
Press: ? - help, Shift-Dir - straight line, f - sky beast
Aim: a sky beast
Okay, then.
Evoke which item? (* to show all) (? for menu, Esc to quit)
Zapping:
s - a wand of acid {zapped: 3} (will waste charges)
Press: ? - help, Shift-Dir - straight line, f - sky beast
Aim: a sky beast The bolt of acid hits the sky beast.
The acid corrodes the sky beast!
The sky beast is severely wounded.
The bolt of acid hits the kobold.
The acid corrodes the kobold!
You kill the kobold!
Evoking this partially-identified wand wasted a few charges.
The sky beast hits you.
* * * LOW HITPOINT WARNING * * *
The sky beast shocks you.
You die...

#####......##.#.#..###...#
#..........##.#......<...#
#......##...........##...#
#......##...............##
#......##..)..K...>.#...##
#......##.......).÷.......
#........####'#.##.#....##
########........####.#.##.#......
................@Y.†......#......
########........####.#....#....##
#.............# #.#.#..#.#....
#.............# #.#....#.#.###
#.......(.....# #.#..#.#.#....
#.............# #.#..#.#.#....
#.............# #.#<..........
##########....# #.#..#.#......
###### #.#..#........


You could see a sky beast.

Vanquished Creatures
  An ooze (D:1)
  A worm (D:2)
  A dart slug (D:1)
  3 giant geckos
  A giant cockroach (D:1)
  3 goblins (D:1)
  11 hobgoblins
  6 jackals (D:2)
  5 kobolds (D:2)
  A quokka (D:2)
  A ball python (D:1)
  5 bats (D:1)
  5 giant newts
  5 rats
49 creatures vanquished.

Notes
Turn   | Place    | Note
--------------------------------------------------------------
     0 | D:1      | WarriorsX the Human Fighter began the quest for the Orb.
     0 | D:1      | Reached XP level 1. HP: 18/18 MP: 1/1
    93 | D:1      | Reached XP level 2. HP: 21/24 MP: 2/2
   132 | D:1      | Reached skill level 3 in Long Blades
   247 | D:1      | Reached XP level 3. HP: 29/29 MP: 3/3
   900 | D:2      | Reached skill level 4 in Long Blades
   900 | D:2      | Reached XP level 4. HP: 32/35 MP: 4/4
  1551 | D:3      | Noticed a sky beast
  1584 | D:2      | Slain by a sky beast

Skill      XL: |  1  2  3 |
---------------+----------+-----
Long Blades    | 3 4 |  4.0
Fighting       | |  3.3
Armour         | |  3.0
Shields        | |  3.0

Action                   |  1- 3 |  4- 6 || total
-------------------------+-------+-------++-------
Melee: Long sword        |   121 |    31 ||   152
Evoke: Wand              |     1 |     1 ||     2
  Use: Potion            |       |     1 ||     1
  Eat: Chunk             |       |     2 ||     2
Armor: Scale mail        |    70 |    22 ||    92
Dodge: Dodged            |    57 |    25 ||    82
